 Dungeon Crawl Stone Soup version 0.19-a0-628-g9200b3b (webtiles) character file.

114547 pk666 the Warrior (level 16, -5/232 HPs)
             Began as a Minotaur Berserker on June 14, 2016.
             Was the Champion of Trog.
             Slain by a skeletal warrior
             ... wielding a +0 dire flail
             ... led by a death knight
              (17 damage)
             ... on level 15 of the Dungeon.
             The game lasted 01:40:56 (28816 turns).

pk666 the Warrior (Minotaur Berserker)             Turns: 28816, Time: 01:40:56

Health: -5/232     AC: 23    Str: 34    XL:     16   Next: 16%
Magic:  5/5        EV: 15    Int:  4    God:    Trog [******]
Gold:   1937       SH:  0    Dex: 10    Spells: 0 memorised, 15 levels left

rFire  . . .     SeeInvis .     n - +5 executioner's axe (antimagic)
rCold  . . .     Gourm    .     T - +2 plate armour {MR+}
rNeg   . . .     Faith    +     (shield currently unavailable)
rPois  .         Spirit   .     (helmet restricted)
rElec  .         Dismiss  .     a - +2 cloak
rCorr  .         Reflect  .     (no gloves)
SustAt .         Harm     .     (no boots)
MR     +++..                    v - amulet of faith
Stlth  ..........               x - +3 ring of slaying
                                W - ring of protection from magic

@: berserking (expiring), slowed, extremely resistant to hostile enchantments,
extremely unstealthy
A: retaliatory headbutt, horns 2
a: Berserk, Trog's Hand, Brothers in Arms, Burn Spellbooks, Renounce Religion


You were on level 15 of the Dungeon.
You worshipped Trog.
Trog was exalted by your worship.
You were hungry.

You visited 3 branches of the dungeon, and saw 23 of its levels.

You collected 1937 gold pieces.

Inventory:

Hand Weapons
 n - a +5 antimagic executioner's axe (weapon)
Armour
 a - a +2 cloak (worn)
 t - the +0 gold dragon armour of the Blind Marksman {rElec rPois rF+ rC+ Regen+ Str+6 Dex-3}
   (You acquired it on level 2 of the Orcish Mines)

   It affects your strength (+6).
   It affects your dexterity (-3).
   It protects you from fire.
   It protects you from cold.
   It insulates you from electricity.
   It protects you from poison.
   It increases your rate of regeneration.
 T - a +2 plate armour of magic resistance (worn)
Jewellery
 v - an amulet of faith (around neck)
 x - a +3 ring of slaying (right hand)
 K - an uncursed ring of resist corrosion
 N - a +4 ring of dexterity
 Q - an uncursed ring of protection from cold
 W - a ring of protection from magic (left hand)
Wands
 b - a wand of heal wounds (6/9)
 f - a wand of slowing (25/48)
 m - a wand of teleportation (5/9)
 o - a wand of teleportation (7/9)
 E - a wand of lightning (8/15)
 F - a wand of lightning (5/15)
 M - a wand of paralysis (13/24)
 O - a wand of polymorph (11/24)
 S - a wand of enslavement (13/24)
Scrolls
 g - 5 scrolls of recharging
 h - 9 scrolls of remove curse
 k - 4 scrolls of fog
 p - 3 scrolls of enchant armour
 u - 4 scrolls of identify
 w - 2 scrolls of enchant weapon
 y - 2 scrolls of fear
 G - 2 scrolls of blinking
 J - 4 scrolls of teleportation
 P - 4 scrolls of magic mapping
Potions
 d - a potion of agility
 e - 2 potions of brilliance
 i - a potion of haste
 l - 2 potions of heal wounds
 q - 2 potions of cancellation
 r - 14 potions of curing
 A - 5 potions of invisibility
 B - 2 potions of flight
 C - 2 potions of magic
 D - 2 potions of might
 I - 2 potions of beneficial mutation
 Y - a potion of ambrosia
 Z - a potion of resistance
Comestibles
 c - 12 bread rations
 j - 20 fruits
 s - 9 meat rations
 z - a royal jelly
 H - 3 beef jerkies
 L - 5 slices of pizza


   Skills:
 + Level 17.1 Fighting
 + Level 16.8 Axes
 + Level 17.1 Armour
 + Level 15.6 Dodging


You had 15 spell levels left.
You didn't know any spells.

Dungeon Overview and Level Annotations

Branches:
Dungeon (15/15)            Temple (0/1) D:4            Lair (6/6) D:9
  Swamp (0/4) Lair:3        Snake (0/4) Lair:4        Slime (0/5) Lair:5
    Orc (2/2) D:12            Elf (0/3) Orc:2        Vaults (0/5) D:13
 Depths (0/5) D:15

Altars:
Ashenzari
Cheibriados
Fedhas
Hepliaklqana
Kikubaaqudgha
Makhleb
Nemelex Xobeh
Pakellas
Qazlal
Sif Muna
Trog
Vehumet
Xom
The Shining One
Beogh

Shops:
D:10 ?   D:15 }   Orc:2 }%(%

Portals:
Hell: Lair:6
Pandemonium: Orc:2


Innate Abilities, Weirdness & Mutations

You reflexively headbutt those who attack you in melee.
You have a pair of horns on your head.


Message History

The freezing wraith hits you but does no damage. x2
The skeletal warrior hits you but does no damage.
The freezing wraith hits you.
* * * LOW HITPOINT WARNING * * *
The freezing wraith freezes you!!
* * * LOW HITPOINT WARNING * * *
The freezing wraith hits you.
* * * LOW HITPOINT WARNING * * *
The freezing wraith drains your vigour!
You feel as though you will be slow longer.
You are too berserk!
You hit the skeletal warrior.
Your headbutt misses the skeletal warrior.
The skeletal warrior is moderately damaged.
The skeletal warrior hits you but does no damage.
You closely miss the skeletal warrior.
Your headbutt misses the skeletal warrior.
The skeletal warrior is moderately damaged.
The skeletal warrior hits you with a dire flail!
You die...

#.#
#.#.........
#.#
#.##########
#.#
##.##########
#.#
#............
#.#
#############
#.# [......
#.# .######
#.# #@# #z#
#W.......
#########


You could see a skeletal warrior and a freezing wraith.

Vanquished Creatures
  Saint Roka (Orc:2)
  Rupert (Orc:2)
  A frost giant (D:15)
  Maud (D:12)
  An orc warlord (Orc:2)
  The ghost of Aquadorian the Bludgeoner, a journeyman HOFi of Okawaru (Lair:5)
  A dire elephant (Lair:6)
  Fannar (Lair:1)
  8 hydras
  A catoblepas (Lair:6)
  Harold (Orc:1)
  5 vault guards (D:13)
  A death knight (D:15)
  Erolcha (D:9)
  3 centaur warriors
  A tengu warrior (D:14)
  11 death yaks
  7 orc high priests (Orc:2)
  A sun demon (Lair:6)
  The ghost of pk666 the Fighter, a novice MiBe of Trog (D:8)
  A soul eater (Orc:2)
  Nergalle (Lair:1)
  A fire crab (shapeshifter) (D:13)
  A deep elf archer (D:13)
  5 unseen horrors
  A putrid demonspawn (Orc:2)
  A gelid demonspawn (Orc:2)
  A wizard (Lair:6)
  4 hill giants
  5 orc knights
  6 ugly things (D:14)
  An oklob plant (Lair:5)
  A griffon (Lair:4)
  8 orc sorcerers
  A sixfirhy (Lair:6)
  3 cyclopes
  3 deep elf magi
  2 manticores
  Maurice (D:10)
  2 orange demons (Lair:6)
  4 black mambas
  7 elephants (Lair:6)
  A rust devil (Orc:2)
  Psyche (D:8)
  4 gargoyles
  2 smoke demons
  Joseph (D:9)
  7 rime drakes
  14 spiny frogs
  A kobold demonologist (D:14)
  A freezing wraith (D:15)
  A yaktaur (D:15)
  12 komodo dragons
  4 red devils
  5 ice devils (Lair:6)
  8 trolls
  4 polar bears
  A queen bee (shapeshifter) (D:13)
  2 two-headed ogres
  14 blink frogs
  5 slime creatures (D:12)
  2 shadows
  2 vampires
  42 yaks
  2 wyverns
  2 wraiths
  7 basilisks
  A human (D:13)
  6 hungry ghosts
  A steam dragon (D:13)
  10 hippogriffs
  A mottled dragon (D:13)
  6 vampire mosquitoes (D:14)
  A soldier ant (D:12)
  4 wargs
  6 water moccasins
  10 porcupines
  A black bear (D:10)
  3 sky beasts
  12 ogres
  5 ice beasts
  40 orc warriors
  The ghost of tstbtto the Chopper, an amateur CeBe of Trog (D:3)
  2 phantoms
  3 boggarts (D:15)
  11 centaurs
  6 wolves (Lair:4)
  20 crocodiles
  7 big kobolds
  A wyvern zombie (D:12)
  13 giant frogs
  A water moccasin skeleton (D:8)
  A wyvern skeleton (D:14)
  4 scorpions
  33 killer bees
  4 wights (D:6)
  2 electric eels (Lair:3)
  2 giant frog zombies
  8 crimson imps
  4 centaur zombies
  16 jellies
  31 orc priests
  5 hounds
  18 orc wizards
  Crazy Yiuf (D:7)
  4 centaur skeletons
  4 giant frog skeletons
  7 iguanas
  Ijyb (D:2)
  12 worker ants
  A killer bee zombie (D:8)
  19 sheep
  3 hound zombies
  A hound skeleton (D:7)
  A worker ant zombie (D:7)
  12 gnolls
  10 adders
  47 river rats
  2 shadow imps
  12 white imps (Orc:1)
  4 oozes
  An adder zombie (D:5)
  4 adder skeletons
  2 worms
  4 dart slugs
  8 giant geckos
  82 orcs
  A ball python (D:3)
  5 bats
  6 giant cockroaches
  12 goblins
  7 hobgoblins
  13 jackals
  34 kobolds
  4 quokkas
  A giant gecko skeleton (D:4)
  6 giant newts
  5 rats
  3 fungi
  2 plants
895 creatures vanquished.

Vanquished Creatures (others)
  An orc wizard (D:10)
  3 sheep (Lair:3)
  An orc (Orc:1)
  13 fungi
  2 plants (Lair:6)
20 creatures vanquished.

Grand Total: 915 creatures vanquished

Notes
Turn   | Place    | Note
--------------------------------------------------------------
     0 | D:1      | pk666 the Minotaur Berserker began the quest for the Orb.
     0 | D:1      | Reached XP level 1. HP: 19/19 MP: 0/0
    57 | D:1      | Reached XP level 2. HP: 25/27 MP: 1/1
   271 | D:1      | Reached ** piety under Trog
   293 | D:1      | Reached XP level 3. HP: 16/33 MP: 2/2
   898 | D:2      | Noticed Ijyb
   906 | D:2      | Killed Ijyb
   906 | D:2      | Reached XP level 4. HP: 40/40 MP: 3/3
  1059 | D:2      | Found a sparkling altar of Nemelex Xobeh.
  2097 | D:3      | Found a faded altar of an unknown god.
  2098 | D:3      | Noticed tstbtto's ghost (amateur CeBe)
  2113 | D:3      | Killed tstbtto's ghost
  2113 | D:3      | Reached skill level 5 in Fighting
  2113 | D:3      | Reached XP level 5. HP: 48/48 MP: 4/4
  2187 | D:3      | HP: 3/72 [orc/dagger (4)]
  2196 | D:3      | Reached XP level 6. HP: 3/56 MP: 5/5
  2652 | D:3      | Reached *** piety under Trog
  2820 | D:4      | Reached skill level 5 in Axes
  2896 | D:4      | Found a blossoming altar of Fedhas.
  2936 | D:4      | Found a staircase to the Ecumenical Temple.
  3153 | D:4      | Noticed a hungry ghost
  3175 | D:4      | Killed a hungry ghost
  3175 | D:4      | Reached skill level 5 in Armour
  3175 | D:4      | Reached XP level 7. HP: 53/62 MP: 6/6
  3242 | D:4      | Found a shattered altar of Ashenzari.
  3332 | D:5      | Entered Level 5 of the Dungeon
  3374 | D:5      | Received a gift from Trog
  3566 | D:5      | Reached skill level 5 in Dodging
  4109 | D:5      | Found an oddly glowing altar of Pakellas.
  4124 | D:5      | Found a sparkling altar of Nemelex Xobeh.
  4177 | D:5      | Reached XP level 8. HP: 33/71 MP: 7/7
  4615 | D:5      | Found a hazy altar of Hepliaklqana.
  4956 | D:6      | Reached **** piety under Trog
  5265 | D:6      | Noticed a deep elf mage
  5270 | D:6      | Killed a deep elf mage
  5352 | D:6      | Reached XP level 9. HP: 63/81 MP: 8/8
  5940 | D:7      | Reached ***** piety under Trog
  6230 | D:7      | Noticed Crazy Yiuf
  6233 | D:7      | Killed Crazy Yiuf
  6401 | D:8      | Noticed pk666's ghost (novice MiBe)
  6412 | D:8      | Killed pk666's ghost
  6832 | D:8      | Reached XP level 10. HP: 76/91 MP: 9/9
  6910 | D:8      | Found a deep blue altar of Sif Muna.
  6994 | D:8      | Noticed Psyche
  7001 | D:8      | Killed Psyche
  7325 | D:8      | Found a radiant altar of Vehumet.
  7325 | D:8      | Found a snail-covered altar of Cheibriados.
  7424 | D:9      | Noticed Erolcha
  7437 | D:9      | Killed Erolcha
  7437 | D:9      | Reached skill level 10 in Fighting
  7462 | D:9      | Found a staircase to the Lair.
  7486 | D:9      | Reached skill level 10 in Axes
  7825 | D:9      | Found a bloodstained altar of Trog.
  7936 | D:9      | Found an ancient bone altar of Kikubaaqudgha.
  7938 | D:9      | Received a gift from Trog
  7984 | D:9      | Reached skill level 10 in Armour
  8001 | D:9      | Found a stormy altar of Qazlal.
  8016 | D:9      | Reached XP level 11. HP: 102/102 MP: 10/10
  8225 | D:9      | Noticed Joseph
  8233 | D:9      | Killed Joseph
  8353 | D:10     | Entered Level 10 of the Dungeon
  8353 | D:10     | Found a bloodstained altar of Trog.
  8360 | D:10     | Reached skill level 10 in Dodging
  8687 | D:10     | Killed an unseen horror
  8717 | D:10     | Killed an unseen horror
  9129 | D:10     | Found Ynkosh's Magic Scroll Boutique.
  9133 | D:10     | Received a gift from Trog
  9140 | D:10     | Got an iridescent longbow {god gift}
  9141 | D:10     | Identified the +8 longbow "Isoiluwe" {freeze, Fragile Str+2 Dex+4 SInv} (Trog gifted it to you on level 10 of the Dungeon)
  9351 | D:10     | Noticed Maurice
  9355 | D:10     | Killed Maurice
  9390 | D:10     | Noticed an unseen horror
  9392 | D:10     | Killed an unseen horror
 10062 | D:11     | Got an opalescent robe
 10073 | D:11     | Identified the +1 robe of the Wasteland {Str+2 Dex+6} (You found it on level 11 of the Dungeon)
 10326 | D:11     | Reached ****** piety under Trog
 10367 | D:11     | Received a gift from Trog
 10474 | Lair:1   | Entered Level 1 of the Lair of Beasts
 10688 | Lair:1   | Noticed Fannar
 10694 | Lair:1   | Killed Fannar
 10694 | Lair:1   | Reached XP level 12. HP: 112/112 MP: 11/11
 10888 | Lair:1   | Noticed Nergalle
 10893 | Lair:1   | Killed Nergalle
 11628 | Lair:2   | Noticed a seven-headed hydra
 11860 | Lair:2   | Killed a nine-headed hydra
 12077 | Lair:2   | Received a gift from Trog
 12396 | Lair:3   | Noticed a five-headed hydra
 12403 | Lair:3   | Killed a ten-headed hydra
 12476 | Lair:3   | Found a shimmering altar of Xom.
 12529 | Lair:3   | Found a staircase to the Swamp.
 12553 | Lair:3   | HP: 3/115 [sheep (6)]
 13767 | Lair:4   | Received a gift from Trog
 13842 | Lair:4   | Found a staircase to the Snake Pit.
 13893 | Lair:4   | Noticed a four-headed hydra
 13899 | Lair:4   | Killed an eight-headed hydra
 14033 | Lair:4   | Reached XP level 13. HP: 103/122 MP: 4/12
 14642 | Lair:5   | Found a staircase to the Slime Pits.
 14713 | Lair:5   | Noticed Aquadorian's ghost (journeyman HOFi)
 14831 | Lair:5   | Killed Aquadorian's ghost
 15067 | Lair:5   | Received a gift from Trog
 16290 | Lair:6   | Entered Level 6 of the Lair of Beasts
 17373 | Lair:6   | HP: 8/187 [polar bear (21)]
 17378 | Lair:6   | Reached XP level 14. HP: 6/133 MP: 4/13
 17380 | Lair:6   | Received a gift from Trog
 18090 | Lair:6   | Reached skill level 15 in Fighting
 18406 | Lair:6   | Found a burning altar of Makhleb.
 18820 | Lair:6   | Reached skill level 15 in Armour
 19471 | Lair:6   | Found a gateway to Hell.
 19669 | Lair:5   | Reached skill level 15 in Axes
 19831 | D:12     | Received a gift from Trog
 20508 | D:12     | Found a staircase to the Orcish Mines.
 20807 | Orc:1    | Entered Level 1 of the Orcish Mines
 20811 | Orc:1    | Noticed Maud
 20812 | Orc:1    | Noticed Harold
 20834 | D:12     | Killed Maud
 21209 | Orc:1    | Killed Harold
 21519 | Orc:2    | Entered Level 2 of the Orcish Mines
 21539 | Orc:2    | Noticed an orc warlord
 21632 | Orc:2    | Killed an orc warlord
 21964 | Orc:1    | Found a roughly hewn altar of Beogh.
 22222 | Orc:1    | Received a gift from Trog
 22422 | Orc:2    | Found Tebum's Food Emporium.
 22429 | Orc:2    | Found Agaiba Bustru's Food Shoppe.
 22906 | Orc:2    | Reached XP level 15. HP: 138/143 MP: 4/14
 23119 | Orc:2    | Noticed Saint Roka
 23129 | Orc:2    | Received a gift from Trog
 23132 | Orc:2    | Killed Saint Roka
 23333 | Orc:2    | Noticed Rupert
 23341 | Orc:2    | Killed Rupert
 23411 | Orc:2    | Found a staircase to the Elven Halls.
 24224 | Orc:2    | Received a gift from Trog
 24505 | Orc:2    | Found Fedom's Gadget Boutique.
 24505 | Orc:2    | Found Paeclihu's Antique Weapon Shop.
 24505 | Orc:2    | Found a one-way gate leading to the halls of Pandemonium.
 24566 | Orc:2    | Identified a scroll of acquirement
 24567 | Orc:2    | Got a bloodstained gold dragon armour
 24777 | Orc:2    | Identified the +0 gold dragon armour of the Blind Marksman {rElec rPois rF+ rC+ Regen+ Str+6 Dex-3} (You acquired it on level 2 of the Orcish Mines)
 25077 | D:13     | Reached skill level 15 in Dodging
 26213 | D:13     | Found a gate to the Vaults.
 26504 | D:14     | Received a gift from Trog
 26915 | D:14     | Found a blossoming altar of Fedhas.
 27090 | D:14     | Received a gift from Trog
 27262 | D:14     | Found a glowing golden altar of the Shining One.
 27534 | D:15     | Entered Level 15 of the Dungeon
 27645 | D:15     | Reached XP level 16. HP: 99/154 MP: 5/15
 27945 | D:15     | Found Weutikluat's Gadget Boutique.
 28497 | D:15     | Found a staircase to the Depths.
 28813 | D:15     | HP: 10/232 [freezing wraith[a death knight] (6)]
 28816 | D:15     | Slain by a skeletal warrior

Vault maps used:
D:1:      evilmike_arrival_run_for_it
D:2:      grunt_ministairs_12, nemelex_dance_club_becter, uniq_iyjb
D:3:      ecumenical_altar_2
D:4:      nicolae_overflow_crystal_walls, lemuel_doored_altar, temple_statues,
          first_bread
D:5:      nemelex_xobeh_ov_fountains_minmay, johnstein_pakellas_death_squad,
          overflow_temple_1_default, hangedman_glass_teeth,
          kennysheep_crisscross, corner_web_ring, minivault_1
D:6:      guppyfry_early_elven_hall
D:7:      uniq_crazy_yiuf_cottage
D:8:      marbit_many_paths, gammafunk_temple_overflow_wave, uniq_psyche
D:9:      kiku_gazebo_pond_becter, nicolae_qazlal_general_emergency,
          overflow_temple_1_default, minmay_lair_entry_grove, uniq_erolcha,
          uniq_joseph
D:10:     basic_altar, serial_shops, nicolae_shop_trees, uniq_maurice
D:12:     orc_0_dummy
D:13:     grunt_vaults_entry_fortified
D:14:     minmay_staircase_statues_hall_small, hangedman_tree_tricks,
          minmay_statues_item, tso_metal_star
D:15:     grunt_enter_depths_snipers, serial_shops, nicolae_shop_behind_doors,
          grunt_decor_resistance
Lair:1:   infiniplex_staircase_pool_2, grunt_megastairs_4, uniq_nergalle,
          uniq_fannar
Lair:2:   infiniplex_staircase_pool, grunt_megastairs_3
Lair:3:   minmay_swamp_entry_eels, basic_altar, serial_bayou_shore_b
Lair:4:   dummy_snake_entry, grunt_megastairs_5, lemuel_fruit_tree
Lair:5:   minmay_slime_entry_jelly_boxes, grunt_megastairs_2
Lair:6:   evil_forest
Orc:1:    basic_altar, portal_ice_cave_entry_imps, uniq_maud, uniq_harold
Orc:2:    pf_orc_diabolical, uniq_rupert, uniq_saint_roka

Skill      XL: |  1  2  3  4  5  6  7  8  9 10 11 12 13 14 15 16 |
---------------+-------------------------------------------------+-----
Fighting       | 4 5 6 8 9 11 12 13 14 15 16 17 | 17.1
Armour         | 3 4 5 6 7 8 10 11 13 14 15 16 17 | 17.1
Axes           | 4 5 6 7 9 10 12 13 14 15 16 | 16.8
Dodging        | 3 4 5 6 8 9 10 12 13 14 15 | 15.6

Action                   |  1- 3 |  4- 6 |  7- 9 | 10-12 | 13-15 | 16-18 || total
-------------------------+-------+-------+-------+-------+-------+-------++-------
Melee: Hand axe          |    62 |   135 |    65 |       |       |       ||   262
       Headbutt          |    13 |    20 |    39 |    97 |   243 |    19 ||   431
       Battleaxe         |       |       |   123 |   411 |   546 |       ||  1080
       Executioner's axe |       |       |       |       |   409 |    66 ||   475
 Fire: Longbow           |       |       |       |    29 |       |       ||    29
Invok: Berserk           |       |     3 |     5 |     8 |    26 |     2 ||    44
       Burn Spellbooks   |       |       |     2 |     3 |     1 |       ||     6
  Use: Scroll            |       |       |     9 |    10 |    23 |       ||    42
       Potion            |       |       |       |     1 |       |       ||     1
  Eat: Chunk             |       |    12 |    14 |    30 |    63 |     5 ||   124
       Meat ration       |       |       |     1 |       |       |       ||     1
       Fruit             |       |       |       |     3 |     8 |       ||    11
       Pizza             |       |       |       |       |     2 |       ||     2
Armor: Animal skin       |    10 |       |       |       |       |       ||    10
       Ring mail         |     1 |       |       |       |       |       ||     1
       Scale mail        |       |    47 |    26 |       |       |       ||    73
       Chain mail        |       |     7 |    38 |   193 |   100 |       ||   338
       Plate armour      |       |       |       |       |   360 |    39 ||   399
       Gold dragon armou |       |       |       |       |    31 |       ||    31
Dodge: Dodged            |    41 |    57 |   117 |   359 |   700 |    39 ||  1313
